 Dungeon Crawl Stone Soup version 0.31-a0-496-g6f97920a28 (webtiles) character file.

Game seed: 8702703890461587655

27 pokeman the Magician (level 2, -2/16 HPs)
             Began as a Deep Elf Hedge Wizard on Aug 9, 2023.
             Slain by a worm (11 damage)
             ... on level 2 of the Dungeon.
             The game lasted 00:01:41 (1212 turns).

pokeman the Magician (Deep Elf Hedge Wizard)        Turns: 1212, Time: 00:01:41

Health: -2/16      AC:  2    Str:  7    XL:     2   Next: 93%
Magic:  0/10       EV: 17    Int: 24    God:
Gold:   60         SH:  0    Dex: 14    Spells: 10/11 levels left

rFire   . . .        a - +0 dagger
rCold   . . .        (no shield)
rNeg    . . .        b - +0 robe
rPois   .            c - +0 hat
rElec   .            (no cloak)
rCorr   .            (no gloves)
SInv    .            (no boots)
Will    .....        (no amulet)
Stlth   ++           e - +5 ring of evasion
HPRegen 0.22/turn    g - +6 ring of intelligence
MPRegen 0.12/turn

%: no passive effects
@: very slightly contaminated
A: no striking features
a: no special abilities


You were on level 2 of the Dungeon.
You visited 1 branch of the dungeon, and saw 2 of its levels.

You collected 60 gold pieces.

Inventory:

Hand Weapons
 a - a +0 dagger (weapon)
Armour
 b - a +0 robe (worn)
 c - a +0 hat (worn)
Magical Staves
 j - a staff of death
Jewellery
 e - a +5 ring of evasion (left hand)
 g - a +6 ring of intelligence (right hand)
Scrolls
 h - 4 scrolls of identify {unknown}
 i - 2 scrolls of teleportation {unknown}
 k - a scroll of noise {unknown}
Potions
 d - a potion of magic
 f - 2 potions of haste {unknown}


   Skills:
 + Level 0.7 Fighting
 + Level 0.7 Armour
 - Level 2.4 Dodging
 - Level 2.4 Stealth
 * Level 5.0 Spellcasting
 + Level 1.7 Conjurations
 - Level 1.1 Summonings
 - Level 1.1 Translocations


You had 10 spell levels left.
You knew the following spells:

 Your Spells              Type           Power      Damage    Failure   Level
a - Magic Dart            Conj           56%        1d5       4%          1

Your spell library contained the following spells:

 Spells                   Type           Power      Damage    Failure   Level
 Slow                     Hex            24%        N/A       9%          1
 Blink                    Tloc           22%        N/A       9%          2
 Call Imp                 Summ           22%        N/A       9%          2
 Cigotuvi's Dreadful Rot  Necr/Pois/Air  12%        N/A       13%         2
 Mephitic Cloud           Conj/Pois/Air  8%         N/A       21%         3


Dungeon Overview and Level Annotations

Branches:
Dungeon (2/15)

Altars:
Wu Jian


Message History

The worm is almost dead.
The worm misses you.
Unknown command.
Your magical contamination has completely faded away.
Casting: Magic Dart (safe; 4% risk of failure)
Confirm with . or Enter, or press ? or * to list all spells.
Aiming: Magic Dart (safe; 4% risk of failure)
Press: ? - help, Shift-Dir - straight line, f/p - worm
Aim: a worm (severely wounded, 100% to hit)
The magic dart hits the worm.
The worm is almost dead.
Casting: Magic Dart (safe; 4% risk of failure)
Confirm with . or Enter, or press ? or * to list all spells.
Aiming: Magic Dart (safe; 4% risk of failure)
Press: ? - help, Shift-Dir - straight line, f/p - worm
Aim: a worm (almost dead, 100% to hit)
You miscast Magic Dart.
You are very lightly contaminated with residual magic.
Nothing appears to happen.
Casting: Magic Dart (safe; 4% risk of failure)
Confirm with . or Enter, or press ? or * to list all spells.
Aiming: Magic Dart (safe; 4% risk of failure)
Press: ? - help, Shift-Dir - straight line, f/p - worm
Aim: a worm (almost dead, 100% to hit)
The magic dart hits the worm but does no damage.
The worm is almost dead.
Casting: Magic Dart (safe; 4% risk of failure)
Confirm with . or Enter, or press ? or * to list all spells.
You don't have enough magic to cast this spell.
Unknown command.
You hit the worm.
The worm is almost dead.
The worm closely misses you.
You hit the worm but do no damage.
The worm is severely wounded.
You hit the worm.
The worm is almost dead.
The worm bites you!
Ouch! That really hurt!
You die...

.....# ####.# #.# ####.#
.....##### .#.......#
.#.#####.##########
.#.##.....##......#####
##.##.....##.#..@w....#
##.##..........##.###.#
..........##.####.###.##
##........##.#
#.##...### #......####..
..##.....# #.##...# ####
####...#.# ##.#....#
#####.# ##......# .#
.#..#...# .#


You could see a worm.

Vanquished Creatures
  A dart slug (D:1)
  3 ball pythons
  3 bats (D:1)
  3 giant cockroaches (D:1)
  3 hobgoblins (D:1)
  3 kobolds
  2 quokkas (D:1)
  2 goblins (D:1)
  2 rats (D:1)
22 creatures vanquished.

Notes
Turn   | Place    | Note
-------+----------+-------------------------------------------
     0 | D:1      | pokeman the Deep Elf Hedge Wizard began the quest for the
                  | Orb.
     0 | D:1      | Reached XP level 1. HP: 10/10 MP: 7/7
   237 | D:1      | Reached XP level 2. HP: 16/16 MP: 7/9
   529 | D:1      | Found a faded altar of an unknown god.
   655 | D:1      | Reached skill level 5 in Spellcasting
  1092 | D:2      | Found an ornate altar of the Wu Jian Council.
  1212 | D:2      | Slain by a worm

Illustrated notes

Levels and vault maps discovered:
D:1:      lemuel_arrival_funnel, layout_basic, hellmonk_ecumenical_altar_run_dry
D:2:      layout_loops_cross, basic_altar

Skill      XL: |  1  2 |
---------------+-------+-----
Spellcasting   | 5 |  5.0
Fighting       | |  0.7
Armour         | |  0.7
Dodging        | |  2.4
Stealth        | |  2.4
Conjurations   | |  1.7
Summonings     | |  1.1
Translocations | |  1.1

Action                     || total
---------------------------++-------
  Melee: Dagger            ||    18
   Cast: Magic Dart        ||    67
 Armour: Robe              ||     1
  Dodge: Dodged            ||    24

Table legend: (Time is in decaauts)
 A = Elapsed time spent in this place.
 B = Non-inter-level travel time spent in this place.
 C = Inter-level travel time spent in this place.
 D = Time resting spent in this place.
 E = Time spent auto-exploring this place.
 F = Levels seen in this place.
 G = Mean time per level.
                   A        B        C        D        E       F      G
               +--------+--------+--------+--------+--------+-----+--------+
         Total |   1211 |   1184 |     27 |      2 |   1009 |   2 |  605.5 |
       Dungeon |   1211 |   1184 |     27 |      2 |   1009 |   2 |  605.5 |
               +--------+--------+--------+--------+--------+-----+--------+

Top non-repeatable levels by time:
     D:1: 860 daAuts
     D:2: 350 daAuts
